 BcadrenCrawl: Boulder Brew version 0.05.4-52-gbd2e00ed8b (webtiles) character file.

Game seed: 6202856311846124637, levelgen mode: deterministic

475 namelastname112 the Magician (level 6, -7/51 HPs) Immature Draconian Transmuter. Began on May 17, 2022. Mangled by a crocodile (10 damage) ... on level 2 of the Dungeon. The game lasted 00:04:34 (1316 turns).

namelastname112 the Magician (DrTm)                 Turns: 1316, Time: 00:04:35

Health: -7/51      AC:  8    Str:  9 (12) XL:     6 ^: 54
Magic:  1/12       EV: 13    Int:  8 (15) God:
Gold:   102        SH:  0    Dex: 14 (15) Spells: 10/13 levels left

rFire    . . .     Vision   .     - Unarmed
rCold    . . .     Gourm    .     - Unarmed
rNeg     . . .     Faith    .   (armour unavailable)
rCorr    + . .     Spirit   .   (helmet restricted)
rPois    .         Reflect  .   (no cloak)
rElec    .         Harm     .   a - +0 pair of gloves
MR       .....                  (no boots)
Stlth    +.........             (no amulet)
HPRegen  0.27/turn              h - ring of resist corrosion
MPRegen  0.22/turn              (no ring)

@: very slightly contaminated, slow
A: stinger, deformed body 2, deterioration, slowness 1, DEX +3, cold-blooded, AC
+7
a: Breathe Dart


You were on level 2 of the Dungeon.
You were not hungry.

You visited 1 branch of the dungeon, and saw 2 of its levels.

You collected 102 gold pieces.

Inventory:

Armour
 a - a +0 pair of gloves (worn)
Jewellery
 f - a cursed ring of evasion {(Curse: rF-)}
 h - a ring of resist corrosion (left hand)
Scrolls
 d - a scroll of enchantment
 e - a scroll of holy word
Potions
 c - a potion of curing
 i - 2 potions of cancellation
 j - a potion of brilliance
Comestibles
 b - a ration


   Skills:
 + Level 3.5 Fighting
 + Level 2.8 Dodging
 + Level 3.7 Unarmed Combat
 + Level 4.4 Spellcasting
 * Level 3.7 Transmutations


You had 10 spell levels left.
You knew the following spells:

 Your Spells              Type           Power        Failure   Level  Hunger
a - Beastly Appendage Tmut 7 (50) 6% 1 5-25 x - Sticks to Snakes Tmut           7 (100)      9%          2    45-85

Your spell library contained the following spells:

 Spells                   Type           Power        Failure   Level  Hunger
 Scorpion Form Tmut/Pois 4 (200) 36% 3 85-145 Snakes to Sticks Hex/Tmut 4 (100) 36% 3 85-145 Ice Form Ice/Tmut 4 (100) 78% 4 165-265 Blade Hands Tmut           7 (200)      86%         5    285-445


Dungeon Overview and Level Annotations

Branches:
Dungeon (2/8)

Altars:
Ashenzari
Okawaru


Innate Abilities, Weirdness & Mutations

Your plain brown scales are resilient. (AC +7)
You can breathe rudimentary magical darts.
You cannot wear any armour on your peculiar form.
You are cold-blooded and are slowed more easily by cold attacks.
Your tail ends in a sharp, venomous barb.
Your body often falls apart upon taking damage.
You cover ground slowly.
You are very agile. (DEX +3)


Message History

Your ball python bites the crocodile but does no damage!
Your ball python bites the crocodile (1)!
It is is perforated ruthlessly!!!
The crocodile bites your ball python (7)!!!
It resists!
Your ball python dies!!!
Your ball python's corpse withers and dies!!!
You see here a sewer rat corpse!
Casting: Sticks to Snakes (safe; 9% risk of failure)
Confirm with ! or Enter, or press ? or * to list all spells!
You miscast Sticks to Snakes!
You are very lightly contaminated with residual magic!
You smell something strange!
Your ball python bites the crocodile (2)!
It is is perforated ruthlessly!!!
Your ball python bites the crocodile (1)!
It is is perforated ruthlessly!!!
Your ball python bites the crocodile but does no damage!
You pummel the crocodile like a punching bag (2)!
You pummel the crocodile but do no damage!
The crocodile is heavily wounded! (13/29) HP Your ball python bites the crocodile (2)!
It is is perforated ruthlessly!!!
The crocodile bites you (10)!!! rip

##≈#P≈≈)≈≈≈≈#
###≈P≈.≈≈≈≈#
#≈#.b†.≈≈≈≈#
#...≈†††≈≈≈#
###.≈≈≈..≈≈# #####
#####...≈≈≈.≈.#
##≈#_###≈#.#≈≈.≈≈≈≈.≈#
#8≈#≈#.#≈#.8#≈≈≈bbb≈.#
#≈..≈@tS.))..≈≈≈≈≈≈.#
##≈÷≈.≈S..))).≈≈≈≈≈≈.#
#_}#≈#≈#.#≈8≈.≈≈≈≈≈≈..
####8#≈#≈#≈##≈)≈≈≈≈≈..
##########≈≈≈≈≈≈≈≈#
#≈÷≈≈≈≈≈≈# #.≈≈≈≈≈≈≈.
#...b≈≈≈≈.#
#...P≈≈≈≈≈≈.


You could see a crocodile and 2 friendly ball pythons.

Vanquished Creatures
  A big kobold (D:2)
  4 jellies (D:2)
  2 giant cockroaches
  13 sewer rats
  6 cinder newts
  2 dart slugs (D:1)
  A leopard gecko (D:1)
  An adder skeleton (D:2)
  8 goblins (D:1)
  4 hobgoblins (D:1)
  9 kobolds
  A ball python (D:2)
  A ball python skeleton (D:2)
  A bat (D:1)
  9 rats (D:1)
63 creatures vanquished.

Vanquished Creatures (collateral kills)
  A big kobold (D:2)
  A sewer rat (D:2)
  An adder skeleton (D:2)
  4 kobolds (D:2)
  A withered plant (D:2)
8 creatures vanquished.

Vanquished Creatures (others)
  A kobold (D:2)
  29 withered plants (D:2)
30 creatures vanquished.

Grand Total: 101 creatures vanquished

Notes
Turn   | Place    | Note
-------+----------+-------------------------------------------
     0 | D:1      | namelastname112 the Immature Draconian Transmuter began the
                  | quest for the Orb.
     0 | D:1      | Reached XP level 1. HP: 16/16 MP: 4/4
    30 | D:1      | Reached XP level 2. HP: 14/23 MP: 5/5
   200 | D:1      | Reached skill level 3 in Spellcasting
   229 | D:1      | Learned a level 2 spell: Sticks to Snakes
   321 | D:1      | Reached XP level 3. HP: 27/29 MP: 7/7
   425 | D:1      | Reached XP level 4. HP: 28/36 MP: 8/8
   785 | D:2      | Reached XP level 5. HP: 27/42 MP: 8/10
   882 | D:2      | Found a shattered altar of Ashenzari.
   921 | D:2      | Reached skill level 4 in Spellcasting
   921 | D:2      | Reached XP level 6. HP: 20/51 MP: 3/12
   945 | D:2      | Found an iron altar of Okawaru.
   960 | D:2      | Gained mutation: Your tail ends in a sharp, venomous barb.
                  | [potion of mutation]
   960 | D:2      | Gained mutation: Your body often falls apart upon taking
                  | damage. [potion of mutation]
   960 | D:2      | Gained mutation: You cover ground slowly. [potion of
                  | mutation]
  1316 | D:2      | Mangled by a crocodile

Levels and vault maps discovered:
D:1:      minmay_arrival_diagonal_passages, layout_rooms
D:2:      layout_sewer, minitemple, lemuel_angel_altar

Skill      XL: |  1  2  3  4  5 |
---------------+----------------+-----
Spellcasting   | 3 4 |  4.4
Transmutations | 2 3 |  3.7
Unarmed Combat | 3 |  3.7
Dodging        | 2 |  2.8
Fighting       | 2 3 |  3.5

Action                   |  1- 3 |  4- 6 || total
-------------------------+-------+-------++-------
Melee: Unarmed           |   104 |   315 ||   419
       Peck              |     7 |    33 ||    40
 Cast: Sticks to Snakes  |       |    28 ||    28
  Use: Potion            |       |     2 ||     2
       Scroll            |       |     1 ||     1
  Eat: Ration            |       |     1 ||     1
Armor: Skin              |     9 |    55 ||    64
Dodge: Dodged            |     9 |    67 ||    76
